 Dungeon Crawl Stone Soup version 0.22.0 (webtiles) character file.

351 Blackhawk the Conjurer (level 6, -2/50 HPs)
             Began as a Draconian Conjurer on Oct 21, 2018.
             Was a Follower of Nemelex Xobeh.
             Slain by Edmund
             ... wielding a +2 flail of protection
              (6 damage)
             ... on level 4 of the Dungeon.
             The game lasted 00:17:20 (4175 turns).

Blackhawk the Conjurer (Draconian Conjurer)         Turns: 4175, Time: 00:17:20

Health: -2/50      AC:  6    Str: 10    XL:     6   Next: 34%
Magic:  0/10       EV: 13    Int: 18    God:    Nemelex Xobeh [*.....]
Gold:   168        SH:  0    Dex: 11    Spells: 10/11 levels left

rFire    . . .     SeeInvis .   g - +2 dagger (holy)
rCold    . . .     Gourm    .   (no shield)
rNeg     . . .     Faith    .   (armour unavailable)
rPois    .         Spirit   .   (helmet restricted)
rElec    .         Reflect  .   (no cloak)
rCorr    .         Harm     .   (no gloves)
MR       .....                  (no boots)
Stlth    ++........             (no amulet)
HPRegen  0.16/turn              (no ring)
MPRegen  0.12/turn              (no ring)

@: no status effects
A: unfitting armour, cold-blooded, AC +6
a: Renounce Religion


You were on level 4 of the Dungeon.
You worshipped Nemelex Xobeh.
Nemelex Xobeh was aware of your devotion.
You were not hungry.

You visited 1 branch of the dungeon, and saw 5 of its levels.

You collected 168 gold pieces.

Inventory:

Hand Weapons
 a - a +0 club
 e - a -1 hand axe
 f - a +0 dagger
 g - a +2 dagger of holy wrath (weapon)
Missiles
 l - 44 stones (quivered)
Jewellery
 d - an uncursed ring of fire {unknown}
 h - an uncursed amulet of magic regeneration {unknown}
 j - a +2 ring of protection {unknown}
 k - an uncursed amulet of faith
 n - a +5 ring of slaying {unknown}
 s - an uncursed ring of poison resistance {unknown}
Wands
 r - a wand of paralysis (15)
Scrolls
 i - a scroll of teleportation
 o - a scroll of enchant weapon
 w - a scroll of identify
 y - 3 scrolls of noise {unknown}
Potions
 c - a potion of lignification {unknown}
 m - a potion of haste {unknown}
 p - a potion of agility {unknown}
 q - a potion of brilliance {unknown}
 t - a potion of flight {unknown}
 u - a potion of cancellation {unknown}
 z - a potion of ambrosia {unknown}
Miscellaneous
 x - a plain deck of destruction
Comestibles
 b - 8 rations


   Skills:
 - Level 2.7 Fighting
 + Level 2.5 Short Blades
 + Level 3.1 Dodging
 - Level 1.9 Stealth
 + Level 3.2 Spellcasting
 + Level 4.9 Conjurations


You had 10 spell levels left.
You knew the following spells:

 Your Spells              Type           Power        Failure   Level  Hunger
a - Magic Dart            Conj           ###.         1%          1    None

Your spell library contained the following spells:

 Spells                   Type           Power        Failure   Level  Hunger
 Iskenderun's Mystic Bla  Conj           ###.....     21%         4    ####...
 Fulminant Prism          Conj/Hex       ##........   50%         4    ####...
 Dazzling Spray           Conj/Hex       ##....       17%         3    ###....
 Force Lance              Conj/Tloc      ##......     50%         4    ####...
 Searing Ray              Conj           ###...       3%          2    ##.....


Dungeon Overview and Level Annotations

Branches:
Dungeon (5/15)
 Temple: D:4-7

Altars:
Nemelex Xobeh
Okawaru
Qazlal

Annotations:
D:4 Edmund


Innate Abilities, Weirdness & Mutations

Your plain brown scales are hard. (AC +6)
You cannot fit into any form of body armour.
You are cold-blooded and may be slowed by cold attacks.


Message History

Aim: Edmund, wielding a flail of protection and wearing a glowing scale mail (moderately wounded)
The magic dart hits Edmund.
Edmund is moderately wounded.
Edmund hits you with a flail of protection.
* * * LOW HITPOINT WARNING * * *
You are too injured to fight recklessly!
You closely miss Edmund.
Edmund is moderately wounded.
Edmund hits you with a flail of protection.
* * * LOW HITPOINT WARNING * * *
You hit Edmund but do no damage.
Edmund is moderately wounded.
Edmund barely misses you.
You hit Edmund but do no damage. You tail-slap Edmund.
Edmund is moderately wounded.
You closely miss Edmund.
Edmund is moderately wounded.
Edmund hits you with a flail of protection.
You die...
Your body disappears without a glow.

..>.....# ##.## ###...# ##.
.....#..## ##...# ##.....#
##
.........###....###..###.##
..##......##....#...## #..#
..######...........## ##.#
...# ##.........#########
#..### ##.............#
##...####...#..[[.....##
##.............@...###
##.......#....@)...#
##.....###.......#.#
#....### #...##.##.#
##...## ##...#8.8#.#
##...## #..........# #
##...# #....#8.8### ##
.....# ##..#.##.## #.
.....#####...#....# ##.


You could see Edmund.

Vanquished Creatures
  Menkaure (D:4)
  An ogre (D:4)
  A worker ant (D:5)
  4 adders
  An ooze (D:3)
  A worm (D:3)
  2 dart slugs
  2 leopard geckos
  9 orcs
  5 giant cockroaches
  6 goblins
  10 hobgoblins
  2 quokkas
  8 bats
  7 frilled lizards
  6 kobolds
  6 rats
72 creatures vanquished.

Vanquished Creatures (others)
  5 toadstools (D:1)
5 creatures vanquished.

Grand Total: 77 creatures vanquished

Notes
Turn   | Place    | Note
-------+----------+-------------------------------------------
     0 | D:1      | Blackhawk the Draconian Conjurer began the quest for the Orb.
     0 | D:1      | Reached XP level 1. HP: 14/14 MP: 3/3
   237 | D:1      | Reached XP level 2. HP: 9/20 MP: 5/5
  1298 | D:2      | Reached XP level 3. HP: 27/27 MP: 0/6
  1394 | D:2      | Reached skill level 1 in Fighting
  1394 | D:2      | Reached skill level 1 in Short Blades
  1650 | D:2      | Found an iron altar of Okawaru.
  1952 | D:3      | Reached XP level 4. HP: 35/35 MP: 5/7
  2135 | D:3      | Paralysed by an orc for 2 turns
  2408 | D:3      | Found a faded altar of an unknown god.
  2508 | D:3      | Found a sparkling altar of Nemelex Xobeh.
  2647 | D:3      | Became a worshipper of Nemelex Xobeh the Trickster
  2742 | D:4      | Noticed Menkaure
  2752 | D:4      | Killed Menkaure
  2752 | D:4      | Reached XP level 5. HP: 42/42 MP: 0/9
  2833 | D:4      | Received a gift from Nemelex Xobeh
  2952 | D:4      | Noticed an ogre
  3016 | D:4      | Killed an ogre
  3016 | D:4      | Reached XP level 6. HP: 35/50 MP: 3/10
  3195 | D:4      | Found a stormy altar of Qazlal.
  3594 | D:4      | Reached * piety under Nemelex Xobeh
  3786 | D:5      | Entered Level 5 of the Dungeon
  4125 | D:5      | Noticed Edmund
  4125 | D:5      | Noticed an ice beast
  4175 | D:4      | Slain by Edmund

Skill      XL: |  1  2  3  4  5 |
---------------+----------------+-----
Dodging        | 2 3 |  3.1
Fighting       | 1 2 |  2.7
Short Blades   | 1 2 |  2.5
Spellcasting   | 3 |  3.2
Stealth        | |  1.9
Conjurations   | |  4.9

Action                   |  1- 3 |  4- 6 || total
-------------------------+-------+-------++-------
Melee: Dagger            |    44 |    38 ||    82
       Club              |     3 |       ||     3
       Tailslap          |     2 |     5 ||     7
 Cast: Magic Dart        |    71 |   104 ||   175
  Use: Scroll            |     3 |     3 ||     6
 Stab: Sleeping          |     1 |       ||     1
  Eat: Chunk             |     4 |     4 ||     8
       Ration            |       |     1 ||     1
Armor: Skin              |    37 |    23 ||    60
Dodge: Dodged            |    60 |    52 ||   112
